 Dungeon Crawl Stone Soup version 0.28-a0-465-ge2dae52223 (webtiles) character file.

Game seed: 3905463546077871346

1556 SkeletonJelly the Spear-Bearer (level 8, -15/69 HPs)
             Began as a Merfolk Chaos Knight on Sept 15, 2021.
             Was a Plaything of Xom.
             Demolished by a two-headed ogre (19 damage)
             ... on level 6 of the Dungeon.
             The game lasted 00:11:57 (5912 turns).

SkeletonJelly the Spear-Bearer (MfCK)               Turns: 5912, Time: 00:11:57

Health: -15/69     AC:  7    Str: 13 (14) XL:     8   Next: 88%
Magic:  8/8        EV: 12    Int: 11      God:    Xom [......]
Gold:   240        SH:  0    Dex: 14      Spells: 5/7 levels left

rFire   . . .      SeeInvis .   a - +0 spear (chaos)
rCold   . . .      Faith    .   (no shield)
rNeg    . . .      Spirit   .   b - +2 leather armour
rPois   +          Reflect  .   (helmet restricted)
rElec   .          Harm     .   (no cloak)
rCorr   .          Rampage  .   (no gloves)
Will    +....                   (no boots)
Stlth   +.........              (no amulet)
HPRegen 0.21/turn               u - ring of willpower
MPRegen 0.11/turn               (no ring)

@: no status effects
A: (nimble swimmer 2), mertail, horns 1, iridescent scales 1, poison resistance
a: Renounce Religion


You were on level 6 of the Dungeon.
You worshipped Xom.
You were a very special plaything of Xom.
You visited 1 branch of the dungeon, and saw 7 of its levels.

You collected 240 gold pieces.

Inventory:

Hand Weapons
 a - a +0 spear of chaos (weapon)
 h - a +1 spear of venom
Missiles
 d - 8 boomerangs
 m - 32 poisoned darts (quivered)
 n - 7 javelins
Armour
 b - a +2 leather armour (worn)
 j - a +0 plate armour
 x - a +0 pair of gloves
Jewellery
 u - a ring of willpower (left hand)
Wands
 i - a wand of digging (4)
 p - a wand of mindburst (9)
 v - a wand of flame (19)
 y - a wand of polymorph (7)
Scrolls
 c - 2 scrolls of identify
 f - a scroll of enchant armour {unknown}
 g - 3 scrolls of amnesia
 o - a scroll of immolation
 r - a scroll of torment
Potions
 k - 2 potions of mutation {unknown}
 l - a potion of lignification {unknown}
 s - a potion of flight {unknown}
 t - 2 potions of curing
 w - a potion of heal wounds {unknown}


   Skills:
 + Level 8.6 Fighting
 - Level 12.0 Polearms
 - Level 0.6 Armour
 - Level 2.6 Dodging


You had 5 spell levels left.
You knew the following spells:

 Your Spells              Type           Power      Damage    Failure   Level
a - Blink                 Tloc           N/A        N/A       56%         2

Your spell library contained the following spells:

 Spells                   Type           Power      Damage    Failure   Level
 Lesser Beckoning         Tloc           0%         N/A       80%         3
 Manifold Assault         Tloc           0%         N/A       100%        5


Dungeon Overview and Level Annotations

Branches:
Dungeon (7/15)
 Temple: D:4-7

Altars:
Trog
Uskayaw
Wu Jian
Xom

Annotations:
D:2 Sigmund


Innate Abilities, Weirdness & Mutations

((You are quick and stealthy near water. (Stealth+, EV+, Speed+++)))
Your lower body shifts to a powerful aquatic tail in water.
You have a pair of small horns on your head.
You are partially covered in iridescent scales. (AC +2)
Your system is resistant to poisons. (rPois)


Message History

No target in view!
No target in view!
You hit something.
An orc wizard comes into view. It is wielding a +0 dagger.
The orc wizard shouts!
An orc warrior comes into view. It is wielding a +0 scimitar.
A gnoll comes into view. It is wielding a +0 club.
A gnoll comes into view. It is wielding a +0 flail.
Something bites you.
You take 1 damage, and have 67/69 hp.
The orc wizard points at you and mumbles some strange words.
The magic dart hits something.
Something bites you but does no damage.
The orc shouts!
You hear an angry hiss.
Something bites you but does no damage.
A steam dragon comes into view.
Something bites you.
You take 1 damage, and have 67/69 hp. "Let's go for a ride!"
Your surroundings suddenly seem different.
A centaur comes into view.
Found three items.
Unknown command.
The centaur shouts!
The two-headed ogre shouts in stereo!
A gnoll sergeant comes into view. It is wielding a +0 spear.
The centaur wields a +0 shortbow.
The centaur shoots an arrow.
The arrow hits you!
You take 14 damage, and have 54/69 hp.
MASSIVE DAMAGE!!
You reach to attack!
You hit the centaur. You burn the centaur.
The centaur is lightly wounded.
The centaur shoots an arrow.
The arrow hits you!
You take 8 damage, and have 46/69 hp.
You reach to attack!
You barely miss the centaur.
The centaur is lightly wounded.
Okay, then.
Unknown command.
The centaur shoots an arrow.
The arrow hits you.
The centaur shoots an arrow.
The arrow closely misses you.
You take 3 damage, and have 43/69 hp.
A black bear comes into view.
The centaur shoots an arrow.
The arrow misses you.
As you read the scroll labelled QUANEO YLIEREET, it crumbles to dust.
It is a scroll of identify.
r - a scroll of torment "Suffer!"
You feel weakened.
The centaur shoots an arrow.
The arrow hits you.
You take 6 damage, and have 37/69 hp.
As you read the scroll labelled WUTTYSTRAVEY, it crumbles to dust.
You hear a loud clanging noise!
It was a scroll of noise.
The gnoll shouts!
You hear a shout! x3; You hear an angry hiss.
The centaur shoots an arrow.
The arrow barely misses you.
As you read the scroll labelled EPINTU UNISA, it crumbles to dust.
It is a scroll of amnesia.
Really abort (and waste the scroll)? [Y]es or [N]o only, please.
Really abort (and waste the scroll)? [Y]es or [N]o only, please.
Really abort (and waste the scroll)?
Okay, then.
The centaur shoots an arrow.
The arrow misses you.
A gnoll comes into view. It is wielding a +0 whip.
The centaur shoots an arrow.
The arrow closely misses you.
As you read the scroll labelled YSKOH UFOTORU, it crumbles to dust.
The creatures around you are filled with an inner flame!
It was a scroll of immolation.
The centaur shoots an arrow.
The arrow hits you. The gnoll sergeant barely misses you.
You take 2 damage, and have 35/69 hp.
Okay, then.
The centaur shoots an arrow.
The arrow barely misses you.
The centaur shoots an arrow.
The arrow barely misses you. The gnoll sergeant closely misses you.
The centaur shoots an arrow.
The arrow hits you. The black bear misses you.
The black bear claws you but does no damage. x2
The centaur shoots an arrow.
The arrow hits you.
You take 8 damage, and have 27/69 hp.
The centaur shoots an arrow.
The arrow barely misses you.
The centaur shoots an arrow.
The arrow hits you.
You take 2 damage, and have 25/69 hp.
Okay, then.
As you read the scroll labelled YHYEZ DEAVAIS, it crumbles to dust.
You feel strangely unstable.
It was a scroll of teleportation.
A necrophage comes into view.
The black bear bites you but does no damage.
The black bear claws you but does no damage.
The black bear claws you.
The two-headed ogre hits you with a +0 giant club!
* * * LOW HITPOINT WARNING * * *
The two-headed ogre barely misses you.
The gnoll sergeant hits you from afar with a +0 spear!
* * * LOW HITPOINT WARNING * * *
You take 22 damage, and have 3/69 hp.
MASSIVE DAMAGE!!
Your surroundings suddenly seem different.
You hear a bark!
A two-headed ogre comes into view.
It is wielding a +0 giant club and a +0 giant spiked club.
The two-headed ogre closely misses you.
The two-headed ogre hits you with a +0 giant spiked club!!
You die...
Xom thinks this is hilarious!

..⌠................
...P≈.............
# ...P≈P...#......
#. .#..P..###......
#.. #+...# ... #..#
##D.# #..###{..#
#..#{.### #O@.##
#####


You could see a two-headed ogre and a steam dragon.

Vanquished Creatures
  A meliai (shapeshifter) (D:3)
  Grinder (D:3)
  An ice beast (D:5)
  A wolf (D:5)
  An ogre (D:4)
  A centaur (D:5)
  3 kobold brigands (D:5)
  A gnoll sergeant (D:5)
  A centaur zombie (D:4)
  A jelly (D:4)
  An orc priest (D:3)
  A hound (D:5)
  2 orc wizards
  A hound zombie (D:5)
  A hound skeleton (D:5)
  A howler monkey skeleton (D:5)
  11 gnolls
  2 adders
  A shadow imp (D:5)
  2 worms
  3 dart slugs
  12 orcs
  10 ball pythons
  4 bats
  5 endoplasms
  2 giant cockroaches (D:1)
  9 goblins
  4 hobgoblins
  14 jackals
  15 kobolds
  3 quokkas
  2 frilled lizards
  9 rats
127 creatures vanquished.

Vanquished Creatures (collateral kills)
  A jelly (D:5)
  An orc wizard (D:5)
  3 gnolls (D:5)
  3 goblins (D:3)
  A hobgoblin (D:3)
9 creatures vanquished.

Vanquished Creatures (others)
  A gnoll (D:2)
  11 fungi (D:5)
  9 plants
  6 toadstools (D:5)
27 creatures vanquished.

Grand Total: 163 creatures vanquished

Notes
Turn   | Place    | Note
-------+----------+-------------------------------------------
     0 | D:1      | SkeletonJelly the Merfolk Chaos Knight began the quest for
                  | the Orb.
     0 | D:1      | Reached XP level 1. HP: 18/18 MP: 1/1
    43 | D:1      | Reached skill level 5 in Polearms
    53 | D:1      | Reached XP level 2. HP: 14/24 MP: 2/2
   195 | D:1      | XOM: divination: detect creatures
   418 | D:1      | Reached skill level 6 in Polearms
   418 | D:1      | Reached XP level 3. HP: 28/29 MP: 3/3
   522 | D:1      | XOM: polymorph quokka -> goblin
   951 | D:1      | XOM: scenery: create altars
  1095 | D:2      | XOM: scenery: create altars
  1236 | D:1      | XOM: give mutations
  1236 | D:1      | Gained mutation: Your system is resistant to poisons.
                  | (rPois) [Xom's grace]
  1236 | D:1      | Gained mutation: You have a pair of small horns on your
                  | head. [Xom's grace]
  1236 | D:1      | Gained mutation: You are partially covered in iridescent
                  | scales. (AC +2) [Xom's grace]
  1332 | D:2      | Reached skill level 7 in Polearms
  1332 | D:2      | Reached XP level 4. HP: 25/35 MP: 4/4
  1564 | D:2      | Found a faded altar of an unknown god.
  1604 | D:2      | Found an ornate altar of the Wu Jian Council.
  1608 | D:2      | Noticed Sigmund
  1775 | D:2      | XOM: divine lightning
  1822 | D:2      | XOM: swap monsters
  1854 | D:2      | XOM: god gift: wand of digging (4)
  2240 | D:3      | XOM: scenery: 2 doors open
  2254 | D:3      | XOM: snakes to sticks
  2391 | D:3      | Learned a level 2 spell: Blink
  2448 | D:3      | Reached skill level 8 in Polearms
  2448 | D:3      | Reached XP level 5. HP: 41/41 MP: 5/5
  2468 | D:3      | XOM: butterfly on damage
  2644 | D:3      | Noticed Grinder
  2645 | D:3      | Paralysed by Grinder for 2 turns
  2700 | D:2      | XOM: god gift: long sword {god gift}
  2765 | D:3      | XOM: confuse monster(s)
  2775 | D:3      | Reached skill level 9 in Polearms
  2827 | D:3      | XOM: summons friendly chaos spawn
  2836 | D:3      | Noticed Robin
  2846 | D:3      | Killed Grinder
  2847 | D:3      | Reached skill level 10 in Polearms
  2847 | D:3      | Reached XP level 6. HP: 28/47 MP: 6/6
  2851 | D:3      | Noticed Robin
  2851 | D:3      | Robin changed into Robin the shapeshifter
  2853 | D:3      | Noticed Robin
  2853 | D:3      | Robin the shapeshifter changed into Robin the meliai
  2854 | D:3      | Killed Robin the meliai
  2855 | D:3      | Reached skill level 11 in Polearms
  2855 | D:3      | Reached XP level 7. HP: 29/52 MP: 7/7
  3291 | D:4      | XOM: noise
  3310 | D:4      | Found a bloodstained altar of Trog.
  3329 | D:4      | Noticed a +0 dagger
  3329 | D:4      | Noticed a +0 dagger
  3331 | D:4      | Found a hide-covered altar of Uskayaw.
  3362 | D:4      | Reached skill level 12 in Polearms
  3403 | D:4      | XOM: fog
  3547 | D:4      | XOM: enchant monster (good)
  3548 | D:4      | You fall into a shaft and drop 1 floor!
  3548 | D:5      | Entered Level 5 of the Dungeon
  3704 | D:5      | XOM: scenery: summon butterflies
  3799 | D:5      | XOM: god gift: potion of curing
  3874 | D:5      | Reached skill level 5 in Fighting
  3874 | D:5      | Reached XP level 8. HP: 34/62 MP: 8/8
  4130 | D:5      | XOM: scenery: summon butterflies
  4258 | D:5      | XOM: 1-stop teleportation journey
  4273 | D:5      | XOM: god gift: 56 gold pieces
  4322 | D:5      | XOM: 7-stop teleportation journey
  4340 | D:5      | XOM: 1-stop teleportation journey
  4385 | D:5      | XOM: divine lightning
  4967 | D:5      | XOM: summons 3 friendly demons
  4985 | D:5      | Noticed a slime creature
  5117 | D:4      | XOM: god gift: 53 gold pieces
  5174 | D:4      | XOM: confuse monster(s)
  5176 | D:4      | XOM: butterfly on damage
  5858 | D:4      | You fall into a shaft and drop 3 floors!
  5875 | D:6      | Noticed a two-headed ogre
  5891 | D:6      | XOM: 1-stop teleportation journey
  5897 | D:6      | XOM: stat loss: -1 Str (13/14)
  5907 | D:6      | HP: 3/69 [gnoll sergeant (8)]
  5911 | D:6      | Noticed a two-headed ogre
  5912 | D:6      | Demolished by a two-headed ogre

Illustrated notes

Levels and vault maps discovered:
D:1:      lightli_arrival_quake, layout_loops_ring
D:2:      layout_loops_corners, basic_altar,
          hellmonk_ecumenical_altar_inner_sanctum, uniq_sigmund
D:3:      cheibrodos_old_hovel, layout_basic, interstate_on_off, uniq_robin,
          uniq_grinder
D:4:      layout_rooms, dancing_weapons_uskayaw, trog_three_pillars_becter,
          temple_hall
D:5:      cheibrodos_fertilizer, layout_basic, serial_bayou_lake_a
D:6:      layout_cave_pools, tso_oasis_becter, serial_glass, glass_columns_c,
          glass_columns_a, grunt_decor_mini_mirrors
D:7:      layout_loops_ring, okawaru_trees_1, nicolae_overflow_hidden_temple,
          uniq_harold, uniq_duvessa, uniq_prince_ribbit1

Skill      XL: |  1  2  3  4  5  6  7  8 |
---------------+-------------------------+-----
Polearms       | 5 6 7 8 10 11 12 | 12.0
Fighting       | 5 8 |  8.6
Armour         | |  0.6
Dodging        | |  2.6

Action                   |  1- 3 |  4- 6 |  7- 9 || total
-------------------------+-------+-------+-------++-------
Melee: Spear             |   134 |    89 |   274 ||   497
       Headbutt          |     2 |    16 |    42 ||    60
Throw: Boomerang         |     2 |       |       ||     2
  Use: Potion            |     1 |       |       ||     1
       Scroll            |       |       |     5 ||     5
 Stab: Sleeping          |     2 |     2 |       ||     4
       Distracted        |       |     1 |     1 ||     2
       Confused          |       |     1 |     1 ||     2
       Paralysed         |       |       |     5 ||     5
Armor: Leather armour    |    48 |     9 |    30 ||    87
Dodge: Dodged            |    74 |    18 |    76 ||   168

Table legend: (Time is in decaauts)
 A = Elapsed time spent in this place.
 B = Non-inter-level travel time spent in this place.
 C = Inter-level travel time spent in this place.
 D = Time resting spent in this place.
 E = Time spent auto-exploring this place.
 F = Levels seen in this place.
 G = Mean time per level.
                   A        B        C        D        E       F      G
               +--------+--------+--------+--------+--------+-----+--------+
         Total |   5679 |   5449 |    230 |      0 |   4549 |   7 |  811.3 |
       Dungeon |   5679 |   5449 |    230 |      0 |   4549 |   7 |  811.3 |
               +--------+--------+--------+--------+--------+-----+--------+

Top non-repeatable levels by time:
     D:5: 1386 daAuts
     D:3: 1194 daAuts
     D:1: 1182 daAuts
     D:2: 1102 daAuts
     D:4: 761 daAuts
     D:6: 45 daAuts
     D:7: 5 daAuts
